 Dungeon Crawl Stone Soup version 0.27.1-2-g3b301248ec (webtiles) character file.

Game seed: 9021720616226039332

3386 ABBCCCDDDD the Firebug (level 10, -3/68 HPs)
             Began as an Octopode Fire Elementalist on Oct 1, 2021.
             Was an Initiate of Gozag.
             Slain by a killer bee (7 damage)
             ... on level 8 of the Dungeon.
             The game lasted 00:13:55 (11242 turns).

ABBCCCDDDD the Firebug (OpFE)                      Turns: 11242, Time: 00:13:55

Health: -3/68      AC:  1    Str:  5 (7)  XL:     10   Next: 4%
Magic:  7/17       EV: 13    Int: 17 (20) God:    Gozag
Gold:   322        SH:  0    Dex: 13 (14) Spells: 9/19 levels left

rFire    + . .     SeeInvis .   m - staff of fire
rCold    . . .     Faith    .   (no shield)
rNeg     . . .     Spirit   .   (helmet restricted)
rPois    .         Reflect  .   (no amulet)
rElec    .         Harm     .   v - ring of willpower
rCorr    .         Rampage  .   (no ring)
Will     +....                  (no ring)
Stlth    ++++......             (no ring)
HPRegen  0.21/turn              (no ring)
MPRegen  0.15/turn              (no ring)
                                (no ring)
                                (no ring)

@: lethally poisoned (-3 -> -8), gold aura
A: almost no armour, amphibious, 8 rings, camouflage 1, gelatinous body 1,
(nimble swimmer 1), tentacles
a: Renounce Religion, Potion Petition, Call Merchant, Bribe Branch


You were on level 8 of the Dungeon.
You worshipped Gozag.
Gozag was aware of your devotion.
You visited 2 branches of the dungeon, and saw 9 of its levels.

You collected 602 gold pieces.
You spent 200 gold pieces at shops.
You paid 80 gold pieces to Gozag.

Inventory:

Hand Weapons
 d - a +0 dagger
 y - a +3 flail of protection
 E - a +4 spear of freezing
Magical Staves
 m - a staff of fire (weapon)
Jewellery
 a - a ring of ice
 u - an amulet of faith
 v - a ring of willpower (left tentacle)
 A - a ring of protection from cold
Wands
 o - a wand of flame (11)
 D - a wand of digging (5)
 G - a wand of iceblast (10)
Scrolls
 b - 4 scrolls of noise
 c - a scroll of magic mapping
 e - a scroll of vulnerability
 f - 2 scrolls of immolation
 j - a scroll of identify
 k - a scroll of fog
 n - 2 scrolls of enchant armour
 w - a scroll of summoning {unknown}
 B - 2 scrolls of teleportation {unknown}
 C - a scroll of holy word {unknown}
 F - a scroll of enchant weapon {unknown}
Potions
 g - a potion of might {unknown}
 h - a potion of lignification {unknown}
 i - 2 potions of magic {unknown}
 l - a potion of attraction
 r - 3 potions of resistance {unknown}
 s - a potion of flight {unknown}
 t - a potion of heal wounds {unknown}
 x - a potion of berserk rage {unknown}
 z - a potion of brilliance {unknown}


   Skills:
 + Level 6.0 Fighting
 - Level 2.0 Dodging
 - Level 5.0 Stealth
 - Level 5.0 Spellcasting
 - Level 7.0 Conjurations
 - Level 1.0 Translocations
 + Level 7.8 Fire Magic
 + Level 4.0 Ice Magic


You had 9 spell levels left.
You knew the following spells:

 Your Spells              Type           Power      Damage    Failure   Level
a - Foxfire               Conj/Fire      100%       2x1d9     1%          1
b - Sticky Flame          Conj/Fire      44%        2d6       7%          4
c - Ozocubu's Armour      Ice            17%        N/A       9%          3
d - Blink                 Tloc           N/A        N/A       14%         2

Your spell library contained the following spells:

 Spells                   Type           Power      Damage    Failure   Level
 Conjure Flame            Conj/Fire      44%        6-21      1%          3
 Inner Flame              Hex/Fire       26%        N/A       9%          3
 Beastly Appendage        Tmut           8%         N/A       14%         1
 Ignite Poison            Fire/Tmut/Pois 19%        N/A       14%         3
 Hailstorm                Conj/Ice       22%        3d7       14%         4
 Fireball                 Conj/Fire      22%        3d10      19%         5
 Corpse Rot               Necr/Air       N/A        N/A       22%         2
 Poisonous Vapours        Pois/Air       8%         N/A       22%         2
 Wereblood                Tmut           4%         N/A       22%         2
 Spider Form              Tmut/Pois      2%         N/A       38%         3
 Ice Form                 Ice/Tmut       11%        N/A       52%         4
 Freezing Cloud           Conj/Ice/Air   8%         6-21      65%         5
 Manifold Assault         Tloc           7%         N/A       95%         5
 Simulacrum               Ice/Necr       5%         N/A       100%        6
 Ozocubu's Refrigeration  Ice            8%         4d6       100%        7
 Storm Form               Tmut/Air       2%         N/A       100%        7


Dungeon Overview and Level Annotations

Branches:
Dungeon (8/15)             Temple (1/1) D:6            Lair (0/6) D:8

Altars:
Ashenzari
Cheibriados
Dithmenos
Elyvilon
Fedhas
Gozag
Hepliaklqana
Kikubaaqudgha
Makhleb
Nemelex Xobeh
Okawaru
Qazlal
Ru
Sif Muna
Trog
Uskayaw
Vehumet
Wu Jian
Xom
Yredelemnul
Zin
The Shining One

Shops:
D:1 ?   D:6 *

Annotations:
D:4 Pikel
D:6 1 runed translucent door, Crazy Yiuf
D:7 Maggie
D:8 2 transporters


Innate Abilities, Weirdness & Mutations

You cannot wear most types of armour.
You are amphibious.
You can wear up to eight rings at the same time.
Your skin changes colour to match your surroundings (Stealth+).
Your rubbery body absorbs attacks. (AC +1, EV +1)
((You are camouflaged near water. (Stealth+)))
You have tentacles for arms and can constrict up to eight enemies at once.


Message History

The foxfire hits the killer bee.
The killer bee is severely wounded.
The killer bee stings you.
* * * LOW HITPOINT WARNING * * *
You are lethally poisoned!
The killer bee poisons you! The killer bee stings you!
* * * LOW HITPOINT WARNING * * *
The killer bee closely misses you.
The killer bee is distracted by your dazzling golden aura. x3
The killer bee buzzes angrily.
You feel better.
The killer bee buzzes angrily.
The killer bee is no longer distracted by gold. x2
The foxfire hits the killer bee!
You kill the killer bee!
The foxfire hits the killer bee.
The killer bee is lightly wounded.
The killer bee closely misses you. The killer bee stings you!
* * * LOW HITPOINT WARNING * * *
The killer bee misses you. The killer bee barely misses you.
Your Ice Magic skill increases to level 4!
Okay, then.
Okay, then.
Unknown command.
You feel better. The killer bee closely misses you. The killer bee stings you.
* * * LOW HITPOINT WARNING * * *
You are poisoned.
The killer bee poisons you! The killer bee stings you.
* * * LOW HITPOINT WARNING * * *
The killer bee stings you.
* * * LOW HITPOINT WARNING * * *
It was a potion of degeneration.
There was something very wrong with that liquid.
You feel weakened.
You feel dopey.
You feel clumsy.
* * * LOW HITPOINT WARNING * * *
You feel sick.
The killer bee is distracted by your dazzling golden aura.
The killer bee stings you!
You die...
Your body crumbles into a pile of gold.

##..##### #.........
#..## #........ #..#
....... ##.##
#...$.# #..#
#.....## #.####
#.....####.#..####
##yy.............#
##$@$..............
##................©.
#............#######
#......###...# .$©[
##.....## #...# [[$
#....### #...# ○°
##..## ....# ####
....# ....#


You could see 2 killer bees.

Levels and vault maps discovered:
D:1:      dpeg_arrival_tiny_a, layout_basic, serial_shops, shop_scrolls,
          minmay_tetromino_t4
D:2:      layout_loops_ring
D:3:      layout_basic
D:4:      minmay_evil_eye, layout_basic, uniq_pikel
D:5:      layout_basic, dk_noncrumbling_4, minmay_manual_macuahuitl,
          uniq_menkaure
D:6:      cheibrodos_iron_armory, layout_basic, mainiacjoe_overflow_24_doors,
          minmay_temple_entry_arrows, serial_shops, nicolae_shop_crystal,
          uniq_edmund, uniq_prince_ribbit1, uniq_crazy_yiuf_cottage,
          uniq_duvessa
D:7:      layout_loops_cross, uniq_maggie
D:8:      gammafunk_cloud_chamber, layout_cave_pods, lair_entry_dummy, uniq_grum
Temple:   kilobyte_greek_temple

Notes
Turn   | Place    | Note
-------+----------+-------------------------------------------
     0 | D:1      | ABBCCCDDDD the Octopode Fire Elementalist began the quest
                  | for the Orb.
     0 | D:1      | Reached XP level 1. HP: 11/11 MP: 3/3
    45 | D:1      | Found Yddal's Magic Scroll Emporium.
   403 | D:1      | Reached XP level 2. HP: 15/17 MP: 0/5
  1489 | D:1      | Reached XP level 3. HP: 21/21 MP: 3/6
  1638 | D:1      | You fall into a shaft and drop 1 floor!
  2537 | D:2      | Reached XP level 4. HP: 27/27 MP: 0/7
  3347 | D:3      | Learned a level 4 spell: Sticky Flame
  3933 | D:4      | Noticed a lemure
  3933 | D:4      | Noticed a lemure
  3933 | D:4      | Noticed a lemure
  3966 | D:4      | Noticed Pikel
  3966 | D:4      | Noticed a lemure
  3989 | D:3      | Killed a lemure
  4489 | D:4      | Noticed a black bear
  4494 | D:4      | Killed a black bear
  4495 | D:4      | Reached XP level 5. HP: 31/31 MP: 2/9
  4498 | D:4      | Reached XP level 6. HP: 36/36 MP: 0/10
  5239 | D:5      | Entered Level 5 of the Dungeon
  5351 | D:5      | Reached skill level 5 in Fire Magic
  5495 | D:5      | Noticed Menkaure
  5552 | D:5      | Killed Menkaure
  5553 | D:5      | Reached XP level 7. HP: 41/41 MP: 8/12
  5583 | D:5      | Reached skill level 5 in Conjurations
  5883 | D:5      | Reached skill level 1 in Fighting
  5968 | D:5      | Reached XP level 8. HP: 47/50 MP: 8/14
  6990 | D:5      | Reached skill level 5 in Spellcasting
  7110 | D:5      | Noticed a yak
  7410 | D:6      | Noticed Prince Ribbit
  7431 | D:6      | Killed Prince Ribbit
  7586 | D:6      | Learned a level 3 spell: Ozocubu's Armour
  7589 | D:6      | Learned a level 2 spell: Blink
  7733 | D:6      | Reached XP level 9. HP: 15/59 MP: 9/16
  8051 | D:6      | Reached skill level 1 in Translocations
  8051 | D:6      | Reached skill level 1 in Ice Magic
  8214 | D:6      | Found a staircase to the Ecumenical Temple.
  8239 | D:6      | Reached skill level 5 in Stealth
  8383 | Temple   | Entered the Ecumenical Temple
  8555 | Temple   | Became a worshipper of Gozag Ym Sagoz the Greedy
  8659 | D:6      | Found a bloodstained altar of Trog.
  8685 | D:6      | Noticed Dowan
  8711 | D:6      | Noticed Duvessa
  8878 | D:6      | Noticed Edmund
  9132 | D:6      | Killed Edmund
  9294 | D:6      | Found Xuczoneg's Assorted Antiques.
  9302 | D:6      | Bought a twisted tourmaline ring for 125 gold pieces
  9302 | D:6      | Bought a scroll labelled ZAEDEI UZIS for 25 gold pieces
  9302 | D:6      | Bought a scroll labelled ONYOTUHEODD for 25 gold pieces
  9302 | D:6      | Bought a scroll labelled ONYOTUHEODD for 25 gold pieces
  9445 | D:7      | Reached skill level 5 in Fighting
  9535 | D:6      | Killed Duvessa
  9538 | D:6      | Killed Dowan
  9731 | D:6      | Found a runed translucent door.
  9732 | D:6      | Noticed Crazy Yiuf
 10080 | D:7      | Noticed Maggie
 10403 | D:8      | Noticed Grum
 10413 | D:8      | Killed Grum
 11078 | D:8      | Found a transporter.
 11110 | D:8      | Found a staircase to the Lair.
 11168 | D:8      | Found a transporter.
 11232 | D:8      | Reached XP level 10. HP: 68/68 MP: 13/17
 11242 | D:8      | Slain by a killer bee

Table legend: (Time is in decaauts)
 A = Elapsed time spent in this place.
 B = Non-inter-level travel time spent in this place.
 C = Inter-level travel time spent in this place.
 D = Time resting spent in this place.
 E = Time spent auto-exploring this place.
 F = Levels seen in this place.
 G = Mean time per level.
                   A        B        C        D        E       F      G
               +--------+--------+--------+--------+--------+-----+--------+
         Total |  11243 |  10850 |    393 |   4180 |   4920 |   9 | 1249.2 |
       Dungeon |  11030 |  10699 |    331 |   4180 |   4777 |   8 | 1378.8 |
        Temple |    212 |    150 |     62 |      0 |    143 |   1 |  212.0 |
               +--------+--------+--------+--------+--------+-----+--------+

Top non-repeatable levels by time:
     D:6: 2490 daAuts
     D:5: 2088 daAuts
     D:2: 1671 daAuts
     D:1: 1637 daAuts
     D:4: 1273 daAuts
     D:8: 1065 daAuts
     D:3: 656 daAuts
  Temple: 212 daAuts
     D:7: 147 daAuts

Table legend:
 A = Kills in this place as a percentage of kills in entire the game.
 B = Kills by you in this place as a percentage of kills by you in the entire game.
 C = Kills by friends in this place as a percentage of kills by friends in the entire game.
 D = Other kills in this place as a percentage of other kills in the entire game.
 E = Experience gained in this place as a percentage of experience gained in the entire game.
 F = Experience gained in this place divided by the number of levels of this place that you have seen.
                   A       B       C       D       E      F
               +-------+-------+-------+-------+-------+----------------------
         Total | 100.0 | 100.0 |   N/A |   N/A | 100.0 | 537.6
       Dungeon | 100.0 | 100.0 |   N/A |   N/A | 100.0 | 604.8
               +-------+-------+-------+-------+-------+----------------------

Action                   |  1- 3 |  4- 6 |  7- 9 | 10-12 || total
-------------------------+-------+-------+-------+-------++-------
Melee: Unarmed           |     3 |       |       |       ||     3
       Constrict         |     4 |     1 |       |       ||     5
       Dagger            |     8 |       |       |       ||     8
       Tentacles         |     1 |       |       |       ||     1
       Staff             |       |     1 |     2 |       ||     3
 Cast: Foxfire           |   117 |   113 |   269 |     8 ||   507
       Sticky Flame      |       |       |     6 |       ||     6
       Ozocubu's Armour  |       |       |     1 |       ||     1
  Use: Scroll            |       |       |     6 |       ||     6
       Potion            |       |       |     2 |     3 ||     5
 Stab: Sleeping          |     1 |       |       |       ||     1
Armor: Skin              |     2 |       |       |       ||     2
Dodge: Dodged            |    32 |    12 |    28 |    24 ||    96

Vanquished Creatures
  Prince Ribbit (D:6)
  A wyvern (D:8)
  Grum (D:8)
  Menkaure (D:5)
  Edmund (D:6)
  2 water moccasins
  Duvessa (D:6)
  A sky beast (D:6)
  2 necrophages (D:5)
  2 black bears
  A hornet zombie (D:5)
  A wolf (D:8)
  2 ogres (D:5)
  A lemure (D:3)
  A centaur (D:6)
  3 phantoms
  A bullfrog (D:8)
  A scorpion (D:5)
  A water moccasin zombie (D:6)
  Dowan (D:6)
  4 killer bees (D:8)
  5 wights (D:8)
  3 howler monkeys
  A bullfrog zombie (D:6)
  A hound (D:6)
  An orc priest (D:8)
  A gnoll shaman (D:7)
  A jelly (D:6)
  2 bullfrog skeletons
  5 iguanas
  3 orc wizards
  4 gnolls (D:7)
  3 adders
  A shadow imp (D:6)
  A white imp (D:8)
  An ufetubus (D:4)
  4 worms
  4 dart slugs
  12 orcs
  2 ball pythons
  5 bats
  5 endoplasms
  3 giant cockroaches
  8 goblins
  5 hobgoblins
  2 jackals (D:2)
  5 quokkas
  3 frilled lizards
  5 kobolds
  4 rats (D:1)
130 creatures vanquished.

Vanquished Creatures (others)
  850 foxfires
850 creatures vanquished.

Grand Total: 980 creatures vanquished
